 Dungeon Crawl Stone Soup version 0.25-a0-167-g836c352ace (webtiles) character file.

Game seed: 5753453683412298965, levelgen mode: deterministic

16 Leeroy the Conjurer (level 2, -1/20 HPs)
             Began as a Draconian Conjurer on Nov 25, 2019.
             Slain by a jackal (3 damage)
             ... on level 1 of the Dungeon.
             The game lasted 00:01:52 (1073 turns).

Leeroy the Conjurer (Draconian Conjurer)            Turns: 1073, Time: 00:01:52

Health: -1/20      AC:  4    Str: 10    XL:     2   Next: 37%
Magic:  3/5        EV: 12    Int: 15    God:
Gold:   51         SH:  0    Dex: 11    Spells: 4/5 levels left

rFire    . . .     SeeInvis .   h - +0 short sword
rCold    . . .     Gourm    .   (no shield)
rNeg     . . .     Faith    .   (armour unavailable)
rPois    .         Spirit   .   (helmet restricted)
rElec    .         Reflect  .   (no cloak)
rCorr    .         Harm     .   (no gloves)
MR       .....                  (no boots)
Stlth    ++........             (no amulet)
HPRegen  0.06/turn              (no ring)
MPRegen  0.09/turn              (no ring)

@: no status effects
A: unfitting armour, cold-blooded, AC +4
a: no special abilities


You were on level 1 of the Dungeon.
You were hungry.

You visited 1 branch of the dungeon, and saw 2 of its levels.

You collected 51 gold pieces.

Inventory:

Hand Weapons
 e - a +0 dagger
 h - a +0 short sword (weapon)
Missiles
 a - 17 stones (quivered)
Scrolls
 c - 3 scrolls of fear {unknown}
 f - a scroll of remove curse {unknown}
Potions
 d - 2 potions of flight {unknown}
 g - a potion of curing {unknown}
Comestibles
 b - 3 rations


   Skills:
 - Level 1.7 Dodging
 - Level 3.0 Stealth
 - Level 2.0 Spellcasting
 + Level 4.0 Conjurations


You had 4 spell levels left.
You knew the following spells:

 Your Spells              Type           Power        Failure   Level  Hunger
a - Magic Dart            Conj           ##..         4%          1    #......

Your spell library contained the following spells:

 Spells                   Type           Power        Failure   Level  Hunger
 Searing Ray              Conj           ##....       6%          2    ###....
 Dazzling Spray           Conj/Hex       #.....       28%         3    ###....
 Iskenderun's Mystic Bla  Conj           ##......     38%         4    #####..
 Force Lance              Conj/Tloc      #.......     67%         4    #####..
 Fulminant Prism          Conj/Hex       #.........   67%         4    #####..


Dungeon Overview and Level Annotations

Branches:
Dungeon (2/15)

Altars:


Innate Abilities, Weirdness & Mutations

Your plain brown scales are hard. (AC +4)
You cannot fit into any form of body armour.
You are cold-blooded and may be slowed by cold attacks.


Message History

* * * LOW HITPOINT WARNING * * *
Casting: Magic Dart (safe; 4% risk of failure)
Confirm with . or Enter, or press ? or * to list all spells.
Aiming: Magic Dart (safe; 4% risk of failure)
Press: ? - help, Shift-Dir - straight line, f - kobold
Aim: a kobold, wielding a +0 dagger The magic dart hits the kobold but does no damage.
The jackal bites you.
* * * LOW HITPOINT WARNING * * *
The goblin closely misses you. The kobold misses you. The jackal bites you.
* * * LOW HITPOINT WARNING * * *
Casting: Magic Dart (safe; 4% risk of failure)
Confirm with . or Enter, or press ? or * to list all spells.
Aiming: Magic Dart (safe; 4% risk of failure)
Press: ? - help, Shift-Dir - straight line, f - jackal, p - kobold
Aim: a jackal (almost dead)
The magic dart hits the jackal but does no damage.
The jackal is almost dead.
The goblin closely misses you. The jackal bites you.
You die...

..........### #.# #.# #.
.#.##...#.# #.# #.# #.
.#........# #.### #.# #.
.......#### #...# #.# ## .#####.#
###.######.#### .# ##'##
#.##....)...# .# ##...##
#.##.###....# .###.....## ###
#.##.# ###..# .##.......##
##@###.##.#####..##
##.........####ghK...##.........#
.'.........'.....................
.#.........####.....#######......
.##.......## ##.#.## #.#..##
.###.....## ###.# #.#.### .#
##...## #.# #.#...# .#
##+###########.# #.###.# ## #.#
#.......#.# #......


You could see a jackal, a goblin and a kobold.

Vanquished Creatures
  A giant cockroach (D:1)
  2 goblins
  2 hobgoblins (D:1)
  3 jackals
  2 kobolds (D:1)
  3 bats (D:1)
  A rat (D:1)
14 creatures vanquished.

Notes
Turn   | Place    | Note
-------+----------+-------------------------------------------
     0 | D:1      | Leeroy the Draconian Conjurer began the quest for the Orb.
     0 | D:1      | Reached XP level 1. HP: 14/14 MP: 3/3
   698 | D:1      | Reached XP level 2. HP: 18/20 MP: 5/5
  1073 | D:1      | Slain by a jackal

Levels and vault maps discovered:
D:1:      saegor_arrival_miasma, layout_loops_corners
D:2:      layout_rooms, chequers_serial_rivers_micro_d

Skill      XL: |  1  2 |
---------------+-------+-----
Stealth        | 2 3 |  3.0
Dodging        | |  1.7
Spellcasting   | |  2.0
Conjurations   | |  4.0

Action                   || total
-------------------------++-------
Melee: Unarmed           ||    40
       Dagger            ||    22
       Tailslap          ||     5
       Short sword       ||    16
 Cast: Magic Dart        ||     5
 Stab: Sleeping          ||     5
Armor: Skin              ||    31
Dodge: Dodged            ||    92

Table legend:
 A = Non-vault XP
 B = Vault XP
 C = Vault XP percentage of total XP
 D = Non-vault monster count
 E = Vault monster count
 F = Vault count percentage of total count
                 A         B        C        D         E       F
            +---------+---------+-------+---------+---------+-------
      Total |      23 |       0 |   0.0 |      14 |       0 |   0.0
            +---------+---------+-------+---------+---------+-------
        D:1 |      20 |       0 |   0.0 |      12 |       0 |   0.0
        D:2 |       3 |       0 |   0.0 |       2 |       0 |   0.0
            +---------+---------+-------+---------+---------+-------
